[Event "21st Bangkok CC Open 2024"]
[Site "Bangkok"]
[Date "2024.04.17"]
[Round "5.4"]
[White "Pranesh M"]
[Black "Danilenko, Dmitriy"]
[Result "1/2-1/2"]
[ECO "C65"]
[WhiteElo "2538"]
[BlackElo "2400"]
[Annotator "TA"]
[PlyCount "78"]
[EventDate "2024.04.13"]
[EventType "swiss"]
[EventCountry "THA"]
[SourceTitle "playchess.com"]
[Source "ChessBase"]
[SourceQuality "1"]
[TimeControl "40/5400+30:1800+30"]

1. e4 e5 2. Nf3 Nc6 3. Bb5 Nf6 4. d3 Bc5 5. Bxc6 dxc6 6. Nbd2 (6. Nxe5 $2 Qd4 7. Be3 Qxe5 $19) 6... Be6 7. Nb3 (7. Nxe5 $2 Qd4 8. Rf1 Qxe5 $19) 7... Bd6 8. Na5 Bb4+ 9. Bd2 Bxa5 10. Bxa5 Nd7 11. d4 exd4 (11... Bg4 $5) 12. Qxd4 f6 13. O-O-O Nb6 {[%emt 0:04:36] Black is weak on the dark squares} (13... O-O $14) 14. Qc3 $16 Qe7 15. Bb4 Qf7 16. Rhe1 Bd7 17. b3 O-O-O 18. a4 {[%emt 0:01:14] White has more active pieces.} Kb8 19. Nd4 {[%emt 0:00:27] aiming for a5.} Nc8 20. f4 Rhe8 21. Kb2 Qg6 22. Rd2 (22. a5 $16) 22... Nd6 $1 $14 ({But not} 22... Rxe4 $6 23. f5 Qe8 (23... Bxf5 $2 {loses.} 24. Nxc6+ bxc6 25. Rxd8 $18) 24. Rxe4 Qxe4 25. Ne6 Bxe6 26. Rxd8 Bxf5 27. g3 $16) 23. Bxd6 cxd6 24. Rde2 Bc8 25. g3 Qf7 26. Re3 Qc7 {[%emt 0:00:40] [#]} 27. e5 $1 fxe5 28. fxe5 dxe5 {[%emt 0:00:51] [#]} 29. Rxe5 Rxe5 30. Rxe5 Qd6 31. Nf3 Qf6 {[%emt 0:03:17] The position is equal.} 32. a5 Kc7 33. Re3 (33. Ng5 {is interesting.} Bf5 34. g4 Qxg5 35. Rxf5 Qxg4 36. Rf7+) 33... Qxc3+ 34. Kxc3 $11 {[%emt 0:00:02][%mdl 4096] Endgame. KRB-KRN} Rf8 35. Nd4 Kd6 {[%emt 0:01:45] Prevents Re7} 36. Nf3 b6 37. axb6 axb6 38. Rd3+ Kc7 39. Re3 Kd6 {[%emt 0:00:03] Weighted Error Value: White=0.06 (flawless) /Black=0.06 (flawless) .  Mistake:       	White=1     	Black=1      Inaccurate:     	White=1     	Black=2      OK:         	White=7     	Black=15     Best:        	White=2     	Black=1      Strong:       	---       	Black=1} 1/2-1/2

[Event "21st Bangkok CC Open 2024"]
[Site "Bangkok"]
[Date "2024.04.17"]
[Round "5.5"]
[White "Manon, Reja Neer"]
[Black "Makhnev, Denis"]
[Result "1-0"]
[ECO "C78"]
[WhiteElo "2285"]
[BlackElo "2516"]
[Annotator "TA"]
[PlyCount "85"]
[EventDate "2024.04.13"]
[EventType "swiss"]
[EventCountry "THA"]
[SourceTitle "playchess.com"]
[Source "ChessBase"]
[SourceQuality "1"]
[TimeControl "40/5400+30:1800+30"]

1. e4 e5 2. Nf3 Nc6 3. Bb5 a6 4. Ba4 Nf6 5. O-O b5 6. Bb3 Bb7 7. Re1 Bc5 8. c3 d6 9. d4 Bb6 10. Be3 O-O 11. Nbd2 exd4 12. cxd4 Nb4 13. Qb1 c5 {[%emt 0:00:08] The position is equal.} 14. a3 Nc6 15. d5 Ne7 16. Bc2 Ng4 17. Bg5 {[%emt 0:00:54][%cal Be3g5,Bg5h4,Bh4g3][%mdl 32] Threatens to win with e5.} f6 18. Bh4 Ng6 19. Bg3 Qc7 20. Qd1 (20. h3 $142 N4e5 21. Kh1) 20... Bc8 $11 (20... c4 {with more complications.} 21. b3 c3 22. Nf1 Bc8) 21. h3 N4e5 22. Nf1 Ba5 23. Re3 Bd7 ({Black should try} 23... Nc4 $15) 24. N3d2 $1 c4 25. f4 Nf7 26. Kh1 Bb6 27. Re1 Rae8 28. Nf3 c3 (28... a5 $14) 29. b4 $16 Qa7 30. Re2 a5 31. Rb1 Rc8 32. Qd3 axb4 33. axb4 Rc4 34. Bb3 c2 35. Rxc2 (35. Bxc4 $2 {perishes.} cxb1=B (35... cxb1=R $2 36. Qxb1 bxc4 37. Qc1 $19) 36. Qxb1 bxc4 $19) 35... Rxc2 36. Bxc2 Rc8 37. Bb3 Qa3 38. Qd2 Re8 39. Bc2 Bxh3 {[%emt 0:02:48] [#]} (39... Ra8 $16 40. Bd3 Ra4) 40. Rb3 $2 ({White has to play} 40. f5 $1 $18) 40... Qa1 $11 41. Rb1 (41. Bd3 $11 Bd7 42. Rb1) 41... Qa3 $18 {[%emt 0:30:02] [#]} 42. f5 $1 Nf8 43. N1h2 {[%emt 0:00:00] Inhibits Bg4.   Weighted Error Value: White=0.13 (very precise) /Black=0.14 (very precise) .  Missed win:     	White=1     	---        Mistake:       	White=2     	Black=3      Inaccurate:     	White=1     	Black=3      OK:         	White=10    	Black=12     Best:        	White=4     	Black=4      Strong:       	White=2     	---} 1-0

[Event "21st Bangkok CC Open 2024"]
[Site "Bangkok"]
[Date "2024.04.17"]
[Round "5.6"]
[White "Zhao, Zong-Yuan"]
[Black "Ritviz, Parab"]
[Result "1/2-1/2"]
[ECO "D35"]
[WhiteElo "2485"]
[BlackElo "2346"]
[Annotator "TA"]
[PlyCount "37"]
[EventDate "2024.04.13"]
[EventType "swiss"]
[EventCountry "THA"]
[SourceTitle "playchess.com"]
[Source "ChessBase"]
[SourceQuality "1"]
[TimeControl "40/5400+30:1800+30"]

1. d4 d5 2. c4 e6 3. Nc3 Nf6 4. cxd5 exd5 5. Bg5 c6 6. e3 Bd6 7. Bd3 O-O 8. Nf3 Be6 9. O-O Nbd7 10. Qc2 h6 11. Bf4 Be7 12. h3 {[%emt 0:00:00] White is slightly better.} c5 13. dxc5 {[%emt 0:00:00] White has more active pieces.} Nxc5 14. Rfd1 Rc8 15. Qe2 Qb6 16. Be5 Nfe4 17. Rac1 Nxd3 18. Rxd3 Qa6 19. Nd4 {[%emt 0:00:00] Weighted Error Value: White=0.11 (very precise) /Black=0.10 (very precise) .  Inaccurate:     	White=2     	Black=2      OK:         	White=4     	Black=3} 1/2-1/2

[Event "21st Bangkok CC Open 2024"]
[Site "Bangkok"]
[Date "2024.04.17"]
[Round "5.7"]
[White "Xie, Felix"]
[Black "Srihari L R"]
[Result "1/2-1/2"]
[ECO "E60"]
[WhiteElo "2291"]
[BlackElo "2482"]
[Annotator "TA"]
[PlyCount "78"]
[EventDate "2024.04.13"]
[EventType "swiss"]
[EventCountry "THA"]
[SourceTitle "playchess.com"]
[Source "ChessBase"]
[SourceQuality "1"]
[TimeControl "40/5400+30:1800+30"]

1. Nf3 Nf6 2. b3 g6 3. Bb2 Bg7 4. g3 O-O 5. Bg2 d6 6. d4 Nbd7 7. O-O e5 8. dxe5 Ng4 9. c4 dxe5 10. h3 Nh6 11. e4 f6 12. Qc2 c6 13. Rd1 Nf7 14. Nbd2 Re8 15. Nf1 Bf8 16. h4 Qb6 17. a3 a5 18. Bc3 Be7 19. Bh3 Nf8 20. Bxc8 Rexc8 21. Qb2 Rd8 22. b4 Rxd1 23. Rxd1 axb4 24. axb4 Ra4 25. Ne3 Qa7 ({Reject} 25... Bxb4 26. Ng4 c5 27. Nfxe5 $16) 26. c5 Qa6 27. Nd2 (27. h5 {looks sharper.} Ra2 28. Qb3 Ra3 29. Qc2) 27... b5 $1 {[%emt 0:08:00] Prevents Ndc4} 28. cxb6 Qxb6 29. Ndc4 Qb5 30. Na3 Qb7 31. Qb3 Ra8 32. Nac4 Kg7 33. Rb1 (33. f4 $1 $14 exf4 34. gxf4) 33... Qb5 $11 {[%emt 0:01:26] The position is equal.} 34. Kg2 h5 35. Nc2 Qa4 36. Qxa4 Rxa4 37. Na5 Nd8 38. Kf3 Ra2 39. Rb2 Rxb2 {[%emt 0:00:33] A rather calm draw.   Weighted Error Value: White=0.08 (flawless) /Black=0.06 (flawless) .  Mistake:       	White=1     	---        Inaccurate:     	White=1     	Black=1      OK:         	White=9     	Black=13     Strong:       	---       	Black=1} 1/2-1/2

[Event "21st Bangkok CC Open 2024"]
[Site "Bangkok"]
[Date "2024.04.17"]
[Round "5.8"]
[White "Urazayev, Arystanbek"]
[Black "Subhayan Kundu"]
[Result "1-0"]
[ECO "C79"]
[WhiteElo "2471"]
[BlackElo "2341"]
[Annotator "TA"]
[PlyCount "41"]
[EventDate "2024.04.13"]
[EventType "swiss"]
[EventCountry "THA"]
[SourceTitle "playchess.com"]
[Source "ChessBase"]
[SourceQuality "1"]
[TimeControl "40/5400+30:1800+30"]

1. e4 e5 2. Nf3 Nc6 3. Bb5 a6 4. Ba4 d6 5. O-O Nf6 6. Re1 b5 7. Bb3 Na5 8. d4 Bb7 9. Bg5 Be7 10. dxe5 {[%emt 0:01:36] White is slightly better.} dxe5 11. Qxd8+ Rxd8 12. Nxe5 Nxb3 13. axb3 Bxe4 14. Rxa6 {[%emt 0:09:51] [#] Hoping for Nc3.} O-O (14... Bxc2 $2 {loses.} 15. Nc6 Rd1 16. Rxd1 Bxd1 17. Nc3 Bxb3 18. Ra8+ (18. Nxb5 Rg8 $18) 18... Kd7 19. Ne5+ (19. Rxh8 Kxc6 $16) 19... Ke6 20. Rxh8 $18) 15. Nc6 Bxc6 16. Rxc6 Rfe8 17. g3 {[%emt 0:04:47][%cal Ob1c3] White is more active.} (17. Rxc7 $2 {is the wrong capture.} Bd6 18. Rf1 (18. Rxe8+ $2 Rxe8 19. Kf1 Bxc7 $19) 18... Bxc7 $19) 17... Bd6 18. Rxe8+ {[%emt 0:01:25] White is clearly better.} Rxe8 19. Nc3 Ne4 20. Nxe4 Rxe4 {[%emt 0:00:03] [#]} 21. Bd8 $1 {[%emt 0:00:50] Black did not feel at home in the position after the opening.   Weighted Error Value: White=0.08 (flawless) /Black=0.20 (precise) .  Inaccurate:     	White=1     	Black=5      OK:         	White=6     	Black=4      Best:        	White=2     	---} 1-0

[Event "21st Bangkok CC Open 2024"]
[Site "Bangkok"]
[Date "2024.04.17"]
[Round "5.9"]
[White "Nie, Xinyang"]
[Black "Cantela, Oscar Joseph"]
[Result "1-0"]
[ECO "D90"]
[WhiteElo "2433"]
[BlackElo "2009"]
[Annotator "TA"]
[PlyCount "65"]
[EventDate "2024.04.13"]
[EventType "swiss"]
[EventCountry "THA"]
[SourceTitle "playchess.com"]
[Source "ChessBase"]
[SourceQuality "1"]
[TimeControl "40/5400+30:1800+30"]

1. d4 Nf6 2. c4 g6 3. Nc3 d5 4. cxd5 Nxd5 5. Bd2 Nb6 6. Nf3 Bg7 7. Bf4 c5 8. dxc5 Bxc3+ 9. bxc3 {[%emt 0:00:04] White is slightly better.} Qxd1+ 10. Rxd1 Na4 {[%emt 0:00:54][%csl LRc3,LRc5] Black is weak on the dark squares} 11. Bh6 f6 12. e4 Nxc5 13. Nd4 Nc6 $1 14. Bc4 {[%emt 0:01:45] Bg7 is the strong threat.} Nxd4 ({Better is} 14... Ne5 $11 15. Bd5 e6) 15. cxd4 $14 Be6 $1 (15... Nxe4 16. Bg7 Rf8 17. Bxf8 Kxf8 18. Rc1 $16) 16. d5 Bd7 {[%emt 0:01:53] [#]} 17. e5 $36 {[%emt 0:00:32][%mdl 2048] Black is under pressure.} Rg8 {[%emt 0:15:20] [#]} (17... b5 $14 18. Be2 fxe5) (17... fxe5 18. Bg7) 18. Be3 {[%emt 0:07:40] A strong pair of Bishops.} (18. e6 $1 $16 Ba4 19. Rc1) 18... Rc8 $2 {[%emt 0:11:04] [#]} (18... fxe5 $1 $11 {and Black has nothing to worry.} 19. d6 (19. Bxc5 Rc8 $11) 19... Be6) 19. e6 $1 $18 (19. exf6 a5 20. fxe7 b5) 19... Ba4 20. Rc1 {[%emt 0:00:31] Strongly threatening Bxc5.} Kf8 21. Be2 ({White should try} 21. Bh6+ $18 Ke8 22. O-O) 21... b6 $16 22. Rc4 {[%emt 0:00:07][%cal Od5d6] Black must now prevent d6! White is more active.} Kg7 23. Bxc5 Bb5 24. Rc3 Bxe2 25. Kxe2 Rxc5 26. Rxc5 bxc5 {[%emt 0:00:03][%mdl 4096] Endgame. KR-KR} 27. Kd3 Rb8 {[%emt 0:00:31] Against Rb1} 28. Rc1 Rb5 (28... f5 $1 $14) 29. Kc4 Ra5 (29... Rb2 $16) 30. Re1 (30. Rb1 $142 {And now Rb7 would win.} f5 (30... Rxa2 $2 31. Rb7 $18) 31. Rb8 Ra4+ 32. Kxc5 Rxa2 33. Kc6) 30... Kf8 $2 (30... Rxa2 $2 {perishes.} 31. d6 exd6 32. e7 Rxf2 33. e8=Q $18 (33. e8=R Rxg2 34. R1e7+ Kh6 $18)) (30... Ra6 31. Re2 (31. Kxc5 f5 $16) 31... f5) 31. Rb1 $18 {[%emt 0:00:11] Rb8+ would now be deadly. White is clearly winning.} f5 32. Rb8+ Kg7 {[%emt 0:00:03] [#]} 33. d6 $1 {[%emt 0:00:22][%mdl 512] Weighted Error Value: White=0.24 (precise) /Black=0.32.  Loses game:     	---       	Black=2      Mistake:       	White=3     	Black=4      Inaccurate:     	White=2     	Black=2      OK:         	White=6     	Black=8      Best:        	White=1     	Black=3      Strong:       	White=1     	Black=2} 1-0

[Event "21st Bangkok CC Open 2024"]
[Site "Bangkok"]
[Date "2024.04.17"]
[Round "5.10"]
[White "Mrudul Dehankar"]
[Black "Mitrabha, Guha"]
[Result "0-1"]
[ECO "D02"]
[WhiteElo "1981"]
[BlackElo "2537"]
[Annotator "TA"]
[PlyCount "92"]
[EventDate "2024.04.13"]
[EventType "swiss"]
[EventCountry "THA"]
[SourceTitle "playchess.com"]
[Source "ChessBase"]
[SourceQuality "1"]
[TimeControl "40/5400+30:1800+30"]

1. d4 Nf6 2. Bf4 d5 3. e3 c5 4. Nf3 Nc6 5. Nbd2 Bg4 6. c3 e6 7. Qa4 Nd7 8. Bb5 Qc8 9. Ne5 {[%emt 0:02:22] The position is equal.} Ndxe5 10. Bxe5 a6 11. Bxc6+ Qxc6 12. Qxc6+ bxc6 13. dxc5 f6 $1 14. Bd6 Bxd6 $1 15. cxd6 Kd7 16. f3 Bf5 17. e4 Bg6 18. O-O-O Kxd6 19. h4 Bf7 20. Rhe1 Kc7 21. e5 a5 22. Nb3 Kb6 23. Nd4 c5 24. Ne2 h6 {[%emt 0:00:00] [#]} 25. h5 $1 fxe5 26. Ng3 Rhg8 27. Rxe5 g6 28. Rd2 gxh5 29. Nxh5 Rg5 30. Rxg5 hxg5 $11 {[%emt 0:00:00][%mdl 4096] Endgame. KRB-KRN} 31. Nf6 Kc6 {[%emt 0:00:00] Inhibits Nd7.} 32. Re2 Kd6 {[%emt 0:00:00] Dodges Re5} 33. Ng4 Rh8 34. Kd2 a4 35. a3 Rh4 36. Re1 Bh5 37. Nf2 (37. Ne3 $15) 37... Rh2 $17 38. Rh1 $2 {[%emt 0:00:32][%mdl 8192] White does not recover from this.} (38. Re2 $17 {is the only way for White.} Rxg2 39. Ne4+ dxe4 40. Rxg2 exf3 41. Rh2) 38... Rxg2 $19 39. Ke3 Be8 {[%emt 0:00:00] [#] Strongly threatening ...Bb5.} 40. Rh8 $2 (40. Rd1) 40... Bb5 41. Rb8 Bf1 42. f4 gxf4+ 43. Kf3 e5 44. Rd8+ Kc6 45. Rc8+ Kd7 46. Rxc5 Rg3# {[%emt 0:00:00] Weighted Error Value: White=0.68/Black=0.03 (flawless) .  Loses game:     	White=1     	---        Mistake:       	White=2     	---        Inaccurate:     	White=3     	Black=1      OK:         	White=12    	Black=17     Best:        	White=1     	Black=3      Strong:       	---       	Black=2} 0-1

[Event "21st Bangkok CC Open 2024"]
[Site "Bangkok"]
[Date "2024.04.18"]
[Round "6.1"]
[White "Bernadskiy, Vitaliy"]
[Black "Chernyavsky, Alexander"]
[Result "1-0"]
[ECO "D38"]
[WhiteElo "2561"]
[BlackElo "2354"]
[Annotator "TA"]
[PlyCount "131"]
[EventDate "2024.04.13"]
[EventType "swiss"]
[EventCountry "THA"]
[SourceTitle "playchess.com"]
[Source "ChessBase"]
[SourceQuality "1"]
[TimeControl "40/5400+30:1800+30"]

1. Nf3 d5 2. d4 Nf6 3. c4 e6 4. Bg5 h6 5. Bh4 Bb4+ 6. Nc3 g5 7. Bg3 Ne4 8. Nd2 Nxc3 9. bxc3 Bxc3 10. Rc1 Bxd4 11. cxd5 Bb6 12. d6 cxd6 13. h4 Nc6 14. hxg5 d5 15. Rh5 Bd4 16. gxh6 f5 17. e3 Bf6 18. Rh2 Bd7 19. Bd6 Bc8 20. Qh5+ Kd7 21. Bg3 a6 22. Nb3 Ke7 23. Be2 Bd7 24. Bh4 Qf8 25. Nc5 (25. g4 $16 Rxh6 (25... Qxh6 $2 26. Qxh6 Rxh6 27. g5 $18)) 25... Be8 $14 26. Bxf6+ Qxf6 27. Qh4 Ra7 {[%emt 0:01:06] [#]} (27... Qxh4 $1 $14 28. Rxh4 Ra7) 28. f4 (28. Qg3 $1 $16 {[%cal Rg3c7] Intending Qc7+ and mate.} b6 29. Qg7+ (29. Nxa6 Rxh6 30. Rxh6 Qxh6 $14) 29... Qxg7 30. hxg7) 28... Nd8 ({Better is} 28... Qxh4+ $14 29. Rxh4 Kd6) 29. Nd3 $16 Qxh4+ 30. Rxh4 Nc6 31. Kd2 b6 32. Ne5 Nxe5 33. fxe5 Bb5 (33... Kd8 $16 34. Bd3 Rah7) 34. g4 $18 Bxe2 (34... fxg4 $142 35. Bxg4 (35. Rxg4 Kd8 $18) 35... Bd7) 35. Kxe2 $18 fxg4 36. Rxg4 Kd8 37. Rg6 Rah7 38. Rh1 (38. Rxe6 Rxh6 39. Rcc6 Rxe6 40. Rxe6 Rh2+ 41. Kd3 Kc7 $11) 38... Kd7 $2 (38... Ke7 $16 39. Kf3 Rf8+ 40. Kg4 b5) 39. Kf3 $18 Rf8+ 40. Rf6 Rg8 {[%emt 0:02:06] [#]} 41. e4 $1 dxe4+ 42. Kxe4 Rg4+ 43. Kf3 Rd4 44. Rg1 Re7 45. Ke3 (45. Rf4 $142 Rd3+ 46. Kg4) 45... Rd5 (45... Rh4 {was necessary.} 46. Kf3 Rd4) 46. Kf4 $18 Rd2 47. Rh1 Rh7 48. Kg5 Rg2+ 49. Kh5 Ke7 $2 (49... Rh8 {keeps fighting.} 50. a3 Kc6 51. Rxe6+ Kb5) 50. Rg6 Rf2 $2 (50... Rxa2 51. Rg5 Rf2) 51. Rgg1 $18 Kf8 52. Rf1 Rhf7 53. Rxf2 Rxf2 54. Kg6 Kg8 55. a4 Rf4 56. Rb1 Rxa4 57. Rxb6 Rg4+ 58. Kf6 a5 59. Rxe6 (59. Kxe6 Rg6+ 60. Kd7 Rxb6 61. e6 a4 62. e7 Rb7+ (62... Rxh6 63. e8=Q+ Kg7 64. Qe5+ Kf7 65. Qf5+ Kg7 66. Ke7 $18) 63. Ke6 Rb8 (63... Rxe7+ 64. Kxe7 a3 65. Ke6 a2 66. Kf5 Kh7 67. Kf4 Kxh6 68. Kf5 a1=Q 69. Ke4 Kg5 70. Kd5 Qc3 71. Kd6 Qc4 72. Kd7 Kg6 73. Kd8 Qc5 74. Kd7 Kf7 75. Kd8 Ke6 76. Ke8 Qe7#) 64. h7+ Kxh7 65. Kf7 a3 66. e8=Q Rxe8 67. Kxe8 a2 68. Kd7 a1=Q (68... a1=B 69. Ke8 $11) 69. Kc6 Qe5 70. Kb6 Kg6 71. Kc6 Kf5 72. Kb6 Ke6 73. Kc6 Qa5 74. Kb7 Kd7 75. Kb8 Kc6 76. Kc8 Qc7#) 59... a4 60. Ra6 Rh4 61. Kg5 Re4 62. e6 a3 63. Kg6 ({Weaker is} 63. Rxa3 Rxe6 64. Ra8+ Kh7 $11) 63... Rg4+ 64. Kf5 Rg3 65. Ra8+ Kh7 66. e7 1-0

[Event "21st Bangkok CC Open 2024"]
[Site "Bangkok"]
[Date "2024.04.18"]
[Round "6.2"]
[White "Manon, Reja Neer"]
[Black "Urazayev, Arystanbek"]
[Result "0-1"]
[ECO "C60"]
[WhiteElo "2285"]
[BlackElo "2471"]
[Annotator "TA"]
[PlyCount "114"]
[EventDate "2024.04.13"]
[EventType "swiss"]
[EventCountry "THA"]
[SourceTitle "playchess.com"]
[Source "ChessBase"]
[SourceQuality "1"]
[TimeControl "40/5400+30:1800+30"]

1. e4 e5 2. Nf3 Nc6 3. Bb5 a6 4. Ba4 Nge7 5. O-O Ng6 6. d4 Nxd4 7. Nxd4 exd4 8. Qxd4 {[%emt 0:00:34] White is slightly better.} b5 9. Bb3 Bb7 {[%emt 0:00:10] [#] Wards off Qd5. White must now prevent ...c5.} 10. Qd3 Bd6 11. f4 O-O 12. Nc3 b4 13. Na4 Bc6 14. Rf2 (14. c3 $11) 14... Qe8 $1 $15 15. e5 Be7 {[%emt 0:00:02] [#] And now ...d6 would win.} 16. Qe3 (16. c3 $1 $11) 16... d6 $36 {[%emt 0:01:33][%mdl 2048] Black is really pushing.} 17. exd6 Bxd6 18. Nc5 Qxe3 (18... Bxg2 {keeps more tension.} 19. Kxg2 Qc6+ 20. Ne4 Rae8) 19. Bxe3 Rae8 20. Bd4 Nxf4 21. Bc4 {[%emt 0:00:01] Repels Ne2+} Bb5 22. Bf1 (22. Nb7 $142 Bxc4 23. Nxd6 Nh3+ (23... cxd6 24. Rxf4 Rc8 25. a3 $17) 24. gxh3 cxd6 25. Rd2) 22... Bxf1 23. Kxf1 Ne6 24. Nxe6 Rxe6 25. Rf3 Rfe8 ({Reject} 25... Bxh2 $6 26. g3 $15) 26. Rd1 h5 27. h3 Re2 28. Rf2 R2e4 {[%emt 0:00:05] Black is more active.} 29. Rf3 h4 30. Bf2 f6 31. Re1 Rxe1+ 32. Bxe1 {[%emt 0:00:01][%mdl 4096] Endgame. KRB-KRB} Re4 33. c3 a5 34. Rd3 Kf7 35. b3 Ke6 36. Bf2 g5 37. c4 a4 38. Rd4 $2 {[%emt 0:00:55] This costs White the game.} (38. Bd4 $17 {is tougher.}) 38... Re5 {[%emt 0:02:09] ...axb3 would now be deadly.} 39. Rd3 axb3 40. axb3 Ra5 41. Ke2 Ra2+ 42. Kf3 Rc2 43. Be3 Be5 44. Ba7 Bc3 45. Bb8 c5 46. g3 hxg3 47. Bxg3 Rb2 48. Bf2 Rxb3 49. Bxc5 Rb1 50. Ke2 Re1+ 51. Kf2 {[%emt 0:01:11][%cal Od3c3] Threatens to win with Rxc3!} Re4 52. Re3 (52. Rd6+ $142 Kf5 53. Rd5+ Ke6 (53... Kg6 $2 54. Bd6 $19) 54. Rd6+ Kf7 55. Rd7+ Ke6 (55... Kg6 $2 56. Rb7 $19) 56. Rd6+) 52... Kf5 $19 53. Bb6 Rxc4 54. Ke2 b3 55. Kd3 Rc6 (55... b2 $142 56. Rf3+ Kg6 57. Kxc4 b1=Q (57... b1=B $2 {perishes.} 58. Rxc3 f5 59. Rc1 $18) 58. Kxc3 Qxb6) 56. Rf3+ Kg6 {[%emt 0:00:50][%cal Ob3b2] ( -> ...b2!)} 57. Bd4 b2 {[%emt 0:00:42] Weighted Error Value: White=0.84/Black=0.21 (precise) .  Loses game:     	White=1     	---        Mistake:       	White=4     	---        Inaccurate:     	White=5     	Black=1      OK:         	White=11    	Black=22     Best:        	White=1     	Black=5      Strong:       	---       	Black=1} 0-1

[Event "21st Bangkok CC Open 2024"]
[Site "Bangkok"]
[Date "2024.04.18"]
[Round "6.3"]
[White "Cao, Qingfeng"]
[Black "Nie, Xinyang"]
[Result "1-0"]
[ECO "E11"]
[WhiteElo "2038"]
[BlackElo "2433"]
[Annotator "TA"]
[PlyCount "121"]
[EventDate "2024.04.13"]
[EventType "swiss"]
[EventCountry "THA"]
[SourceTitle "playchess.com"]
[Source "ChessBase"]
[SourceQuality "1"]
[TimeControl "40/5400+30:1800+30"]

1. d4 Nf6 2. c4 e6 3. Nf3 Bb4+ 4. Nbd2 d5 5. a3 Be7 6. g3 O-O 7. Bg2 b6 8. cxd5 exd5 9. O-O a5 10. Nb1 Bb7 11. Nc3 c5 12. Bf4 Nc6 13. e3 Ne4 14. h4 Nxc3 15. bxc3 a4 16. Ne5 Nxe5 17. Bxe5 Qd7 18. dxc5 bxc5 19. Rb1 Bc6 20. Rb6 Rae8 21. c4 Bd8 22. Rxc6 $1 Qxc6 23. Bxd5 (23. Qxd5 $2 Qxd5 24. cxd5 Rxe5 $19) 23... Qa6 24. Qa1 ({White should play} 24. Bf4 $14) 24... Qg6 25. Kh2 Re7 26. e4 Bc7 27. Bxc7 $1 Rxc7 28. Rb1 (28. Qe5 $5 Rcc8 29. Rb1 $16) 28... Re7 29. Rb5 Kh8 30. Qb1 (30. Rxc5 $2 Qb6 31. Rb5 (31. Qd4 $2 Rc7 $19) 31... Qxf2+ 32. Kh3 f5 $19) 30... Ree8 31. f4 Rc8 32. Qd1 f6 (32... h6 $14) 33. Qxa4 $16 Qh5 (33... Qh6 $16 {keeps fighting.}) 34. Qc2 $18 Qf3 (34... h6 $16 {was necessary.}) 35. Rb3 Qf1 36. a4 h6 (36... Rb8 $16 {is a better defense.}) 37. f5 $2 ({White should try} 37. e5 $18 {Hoping for Rb1.} Rb8 (37... fxe5 $2 38. Rb1 $18) 38. exf6 Rxb3 39. fxg7+ (39. Qxb3 Qe2+ 40. Bg2 Rxf6 $11) 39... Kxg7 40. Qxb3 Qe2+ 41. Bg2) 37... Qe1 (37... Rb8 $14) 38. Qa2 (38. Rb1 $1 $16 Qe3 39. Rb5) 38... Rfe8 39. Rb1 Qa5 40. Rb5 Qe1 41. Qb1 (41. a5 $16) 41... Qe2+ $1 $11 42. Kh3 Kh7 (42... h5 $1 $11) 43. Rb2 $1 $16 (43. a5 Rb8 $11) 43... Rb8 44. Rxe2 ({Much worse is} 44. Rxb8 $6 Rxb8 45. Qxb8 Qf1+ 46. Kh2 (46. Kg4 Qd1+ 47. Kf4 Qf1+ 48. Ke3 Qe1+ 49. Kd3 Qd1+ 50. Ke3 Qe1+ 51. Kd3 Qd1+ 52. Kc3 Qc1+ 53. Kd3 Qd1+ $11) 46... Qe2+ 47. Kh3 Qf1+ 48. Kh2 (48. Kg4 Qd1+ 49. Kf4 Qc1+ 50. Kf3 Qf1+ 51. Ke3 Qe1+ 52. Kf3 Qd1+ 53. Kf2 Qd2+ 54. Kf3 Qd3+ 55. Kg2 Qe2+ 56. Kg1 Qe1+ 57. Kg2 Qe2+ 58. Kg1 Qe1+ 59. Kg2 Qe2+ $11) 48... Qf2+ 49. Kh3 Qf1+ $11) 44... Rxb1 45. Ra2 $1 Reb8 {[%emt 0:00:59] [#]} 46. e5 $1 fxe5 {[%emt 0:01:36] [#]} 47. f6 $1 R1b6 $1 48. a5 Ra6 $1 49. f7 Rf8 $2 (49... g6 $16) 50. h5 $2 (50. Bb7 Ra7 51. Be4+ g6 52. h5) 50... g5 $18 51. Kg4 Kg7 52. Kf5 Rb8 53. Ra3 Rb1 (53... Rb2 $16 {was worth a try.}) 54. Kxe5 $18 Rf6 $2 (54... Rb2 55. Ke4 Rf2) 55. f8=Q+ Rxf8 56. a6 Re1+ 57. Kd6 Rd8+ 58. Kxc5 Rc8+ 59. Kd6 Rd8+ 60. Kc7 Ree8 61. a7 1-0